[Event "Titled Tuesday Blitz April 12 Late 2022"]
[White "Bordi, Kevin"]
[Black "Bluebaum, Matthias"]
[WhiteFideId "621862"]
[BlackFideId "24651516"]
[WhiteElo "2768"]
[BlackElo "2550"]
[Result "1/2-1/2"]
[Round "04"]
[TimeControl "180+1"]
[Date "2022.04.12"]
[WhiteClock "0:01:07"]
[BlackClock "0:01:42"]

1. e4 c6 2. c4 d5 3. cxd5 cxd5 4. exd5 Nf6 5. Nc3 Nxd5 6. Nf3 Nc6 7. d4 Bg4 8. Qb3 Bxf3 9. gxf3 Nb6 10. Be3 e6 11. O-O-O Be7 12. d5 exd5 13. Nxd5 Nxd5 14. Rxd5 Qc7 15. Kb1 O-O 16. Rg1 Rad8 17. Qc3 g6 18. Bh6 f6 19. Bc4 Kh8 20. Bxf8 Rxf8 21. Rgd1 Ne5 22. Be2 Qxc3 23. bxc3 g5 24. Rxe5 fxe5 25. Rd7 Bc5 26. Rxb7 Bxf2 27. Kc2 Rf4 28. c4 Rh4 29. Kd3 Rxh2 30. Rc7 Bb6 31. Rf7 Rh4 32. Rf5 Rd4+ 33. Kc2 e4 34. fxe4 Rxe4 35. Bd3 Re7 36. Rxg5 Be3 37. Rh5 h6 38. c5 Rc7 39. Kb3 Rxc5 40. Rxc5 Bxc5 41. Kc4 Bf2 42. Kd5 Kg7 43. Ke4 Kf6 44. Kf3 Bb6 45. Kg2 Kg5 46. Kh1 Kf4 47. Ba6 Kg3 48. Bb7 Bc5 49. Ba6 h5 50. Bb7 h4 51. a4 h3 52. a5 h2 53. a6 Bb6 54. Bc8 Bc7 55. Bb7 Bb6 56. Bc8 Bc7 57. Bb7 Kf4 58. Bc8 Ke3 59. Bb7 Kd4 60. Bc8 Kc3 61. Bb7 Kb4 62. Kg2 Kc5 63. Kh1 Kd6 64. Kg2 Ke7 65. Kh1 Kd8 66. Kg2 Kd7 67. Kh1 Bd6 68. Kg2 Kc7 69. Kh1 Kb6 70. Kg2 Bc7 71. Kh1 Kc5 72. Kg2 Be5 73. Kh1 Kd6 74. Kg2 Kc7 75. Kh1 Kd8 76. Kg2 Ke8 77. Kh1 Kf8 78. Kg2 Kg8 79. Kh1 Bd6 80. Kg2 Bc7 81. Kh1 Bb8 82. Kg2 Kh8 83. Kh1 Kg7 84. Kg2 Kh8 85. Kh1 Kg7 86. Kg2 Kh8 1/2-1/2


[Site "https://www.chess.com"]

[Event "Titled Tuesday Blitz April 12 Late 2022"]
[White "Bortnyk, Olexandr"]
[Black "Yanchenko, Roman"]
[WhiteFideId "14120828"]
[BlackFideId "4137329"]
[WhiteElo "2723"]
[BlackElo "2514"]
[Result "1/2-1/2"]
[Round "04"]
[TimeControl "180+1"]
[Date "2022.04.12"]
[WhiteClock "0:00:04"]
[BlackClock "0:00:05"]

1. d4 d5 2. Nc3 Nf6 3. Bf4 c6 4. e3 Bf5 5. Nf3 e6 6. Ne5 h6 7. g4 Bh7 8. h4 Nbd7 9. g5 Ne4 10. g6 Nxe5 11. gxh7 Nxc3 12. bxc3 Ng6 13. Bg3 Bd6 14. Bd3 Bxg3 15. fxg3 Nf8 16. Qg4 g6 17. h5 g5 18. Rf1 Qe7 19. Kd2 Nxh7 20. Qf3 Nf8 21. Rab1 b6 22. e4 Nd7 23. exd5 cxd5 24. Rbe1 Rc8 25. Bb5 Rc7 26. Re3 O-O 27. Qxd5 Nf6 28. Qf3 Nd5 29. Rd3 Rfc8 30. Ba6 Rxc3 31. Bxc8 Rxc8 32. c3 b5 33. Ke2 b4 34. cxb4 Rc2+ 35. Rd2 Rxd2+ 36. Kxd2 Qxb4+ 37. Ke2 Qb2+ 38. Ke1 Qc1+ 39. Kf2 Qd2+ 40. Kg1 Qxd4+ 41. Qf2 Qg7 42. Qxa7 Qc3 43. Qf2 f5 44. a4 f4 45. a5 Qxa5 46. Qd4 fxg3 47. Qe4 Qb6+ 48. Kh1 Nf4 49. Rxf4 gxf4 50. Qg6+ Kf8 51. Qxh6+ Ke7 52. Qxf4 Qc5 53. Qh4+ Kf7 54. h6 Qd5+ 55. Kg1 Qf3 56. Qd4 Qf2+ 57. Qxf2+ gxf2+ 58. Kxf2 Kg6 59. Ke3 Kxh6 60. Ke4 e5 61. Kxe5 1/2-1/2


[Site "https://www.chess.com"]

[Event "Titled Tuesday Blitz April 12 Late 2022"]
[White "Broca Jimenez, Fernando"]
[Black "Kosteniuk, Alexandra"]
[WhiteFideId "5104742"]
[BlackFideId "4128125"]
[WhiteElo "2062"]
[BlackElo "2469"]
[Result "0-1"]
[Round "04"]
[TimeControl "180+1"]
[Date "2022.04.13"]
[WhiteClock "0:00:11"]
[BlackClock "0:01:35"]

1. e4 c6 2. d4 d5 3. Nc3 dxe4 4. Nxe4 Nf6 5. Nxf6+ exf6 6. Nf3 Bd6 7. Bd3 O-O 8. O-O Nd7 9. Be3 Re8 10. Qd2 Nf8 11. Bf4 Bg4 12. Rfe1 Rxe1+ 13. Nxe1 Ne6 14. Bxd6 Qxd6 15. h3 Bh5 16. c3 Re8 17. Bf5 Nf4 18. Nd3 Ne2+ 19. Kh1 Qd5 20. Nf4 Qxf5 21. Nxh5 Qxh5 22. Re1 Re6 23. Kh2 h6 24. g3 Qf3 25. b3 Qxf2+ 0-1


[Site "https://www.chess.com"]

[Event "Titled Tuesday Blitz April 12 Late 2022"]
[White "Bryakin, Mikhail"]
[Black "Domingo Nunez, Alejandro"]
[WhiteFideId "4165314"]
[BlackFideId "22245561"]
[WhiteElo "2417"]
[BlackElo "2215"]
[Result "1-0"]
[Round "04"]
[TimeControl "180+1"]
[Date "2022.04.12"]
[WhiteClock "0:01:02"]
[BlackClock "0:00:08"]

1. e4 g6 2. d4 Bg7 3. Nc3 c6 4. f4 d5 5. e5 f6 6. Nf3 fxe5 7. fxe5 Nh6 8. Bd3 O-O 9. O-O Bg4 10. h3 Bxf3 11. Rxf3 Rxf3 12. Qxf3 e6 13. Ne2 c5 14. c3 cxd4 15. cxd4 Nc6 16. g4 Qb6 17. Be3 Rf8 18. Qg3 Qxb2 19. Rb1 Qa3 20. Bf2 Nb4 21. Rb3 Qa4 22. Nc3 Qa5 23. Bf1 b6 24. a3 Nc6 25. Qd3 Nf7 26. h4 Nfxe5 27. dxe5 Nxe5 28. Qe2 Nf3+ 29. Kg2 Bxc3 30. Qxe6+ Kh8 31. Be2 Nd2 32. Rb5 Qxa3 33. Rxd5 Qb3 34. Qd6 Bg7 35. Bd4 Ne4 36. Qxf8# 1-0


[Site "https://www.chess.com"]

[Event "Titled Tuesday Blitz April 12 Late 2022"]
[White "Cagara, Paulina"]
[Black "Martinez Reyes, Pedro Ramon"]
[WhiteFideId "1124870"]
[BlackFideId "3901807"]
[WhiteElo "1780"]
[BlackElo "2410"]
[Result "0-1"]
[Round "04"]
[TimeControl "180+1"]
[Date "2022.04.13"]
[WhiteClock "0:01:19"]
[BlackClock "0:01:56"]

1. e4 c5 2. Nc3 d6 3. g3 g6 4. Bg2 Bg7 5. Nge2 h5 6. h4 Nc6 7. O-O Nd4 8. d3 Bg4 9. f3 Bd7 10. Kh2 Nf6 11. Nxd4 cxd4 12. Ne2 Qb6 13. b3 Rc8 14. a4 O-O 15. a5 Qc5 16. Ba3 Qxc2 17. Nxd4 Qxd1 18. Raxd1 Nd5 19. exd5 Bxd4 20. Rfe1 Rfe8 21. Re2 Bc3 22. Bh3 Bxh3 23. Kxh3 Bxa5 24. g4 hxg4+ 25. fxg4 Rc3 26. Bxd6 Bd8 27. b4 Kf8 28. Bg3 Bc7 29. Bxc7 Rxc7 30. Ra1 a6 31. b5 axb5 32. Rb1 Rc5 33. Reb2 Rxd5 34. Rxb5 Rxd3+ 35. Kg2 Rc8 36. R1b2 Rcc3 37. Rxb7 Rg3+ 38. Kf2 Rxg4 39. Rb8+ Kg7 40. Re8 Rxh4 41. Rxe7 Rh2+ 0-1


[Site "https://www.chess.com"]

[Event "Titled Tuesday Blitz April 12 Late 2022"]
[White "Dauner, Benedikt"]
[Black "Rozman, Levy"]
[WhiteFideId "16225899"]
[BlackFideId "2039877"]
[WhiteElo "2230"]
[BlackElo "2376"]
[Result "0-1"]
[Round "04"]
[TimeControl "180+1"]
[Date "2022.04.12"]
[WhiteClock "0:00:02"]
[BlackClock "0:00:10"]

1. d4 d5 2. Nf3 e6 3. c3 f5 4. Bf4 Bd6 5. e3 Nf6 6. Ne5 O-O 7. Nd2 c5 8. Be2 Nc6 9. g4 Bxe5 10. dxe5 Ne4 11. gxf5 exf5 12. Nxe4 fxe4 13. Qb3 c4 14. Qa3 Be6 15. O-O-O Qe7 16. Qxe7 Nxe7 17. h4 b5 18. h5 a5 19. Rdg1 Kh8 20. h6 g6 21. Bg5 Rxf2 22. Bxe7 Rxe2 23. Rf1 Re8 24. Bg5 b4 25. Rf6 bxc3 26. bxc3 Bf5 27. Rg1 Rxa2 28. Kb1 Rh2 29. Rxf5 Rb8+ 30. Ka1 a4 31. Rf7 a3 32. Bf6+ Kg8 33. Rg7+ Kf8 34. Rxh7 Rbb2 35. Rh8+ Kf7 36. Rh7+ Ke6 37. Re7+ Kf5 38. Rf1+ Kg4 39. h7 Ra2+ 40. Kb1 Rhb2+ 41. Kc1 Ra1# 0-1


[Site "https://www.chess.com"]

[Event "Titled Tuesday Blitz April 12 Late 2022"]
[White "De Souza, Cristiano Gomes"]
[Black "Stanisz, Patryk"]
[WhiteFideId "2151758"]
[BlackFideId "1123106"]
[WhiteElo "2068"]
[BlackElo "1833"]
[Result "1-0"]
[Round "04"]
[TimeControl "180+1"]
[Date "2022.04.13"]
[WhiteClock "0:02:12"]
[BlackClock "0:00:07"]

1. d4 Nf6 2. c4 g6 3. Nc3 d5 4. Bf4 Bg7 5. e3 O-O 6. Nf3 c5 7. dxc5 Qa5 8. Rc1 Ne4 9. cxd5 Nxc3 10. bxc3 Bxc3+ 11. Nd2 Qxc5 12. Qc2 Bxd2+ 13. Qxd2 Qb6 14. Bc7 Qf6 15. Be2 Na6 16. Ba5 Bf5 17. O-O Rac8 18. Bc3 Qd6 19. Rfd1 Nc5 20. Qd4 f6 21. f3 b6 22. e4 Bd7 23. g3 Ba4 24. Rd2 Rfd8 25. f4 Be8 26. e5 Qd7 27. exf6 e6 28. f7+ 1-0


[Site "https://www.chess.com"]

[Event "Titled Tuesday Blitz April 12 Late 2022"]
[White "Demchenko, Anton"]
[Black "Hnydiuk, Aleksander"]
[WhiteFideId "4160258"]
[BlackFideId "1109057"]
[WhiteElo "2539"]
[BlackElo "2374"]
[Result "0-1"]
[Round "04"]
[TimeControl "180+1"]
[Date "2022.04.13"]
[WhiteClock "0:00:07"]
[BlackClock "0:00:05"]

1. e4 e5 2. Nf3 Nf6 3. Nxe5 d6 4. Nf3 Nxe4 5. Nc3 Nxc3 6. dxc3 Be7 7. Bf4 O-O 8. Qd2 d5 9. O-O-O c6 10. c4 Be6 11. Nd4 Nd7 12. cxd5 Bxd5 13. Nf5 Bf6 14. c4 Be6 15. Nd4 Bg4 16. f3 Bh5 17. g4 Bg6 18. g5 Be5 19. h4 Bh5 20. Bh3 Qc7 21. Be3 Rad8 22. Qf2 Nb6 23. b3 Qe7 24. Nf5 Qa3+ 25. Kb1 Bg6 26. Bc5 Qa5 27. h5 Qc3 28. Bd4 Bxf5+ 29. Bxf5 Bxd4 30. Rxd4 Qxd4 31. Qc2 Rfe8 32. Bxh7+ Kf8 33. Be4 Rxe4 34. fxe4 Qd3 35. h6 gxh6 36. gxh6 Qxc2+ 37. Kxc2 Kg8 38. Rg1+ Kh8 39. Rg7 Rf8 40. e5 Nc8 41. e6 fxe6 42. Rxb7 Nd6 43. Rxa7 Rf7 44. Ra8+ Kh7 45. Rd8 Nf5 46. Kd3 Kxh6 47. Rc8 Ne7 48. Rc7 Kg6 49. a4 Kf6 50. a5 Rf8 51. b4 Rb8 52. Kc3 e5 53. a6 Ke6 54. a7 Ra8 55. Rb7 Nc8 56. c5 Nxa7 57. Kc4 Nb5 58. Rb6 Na3+ 59. Kb3 Kd5 60. Rb7 Nb5 61. Rd7+ Ke6 62. Rh7 Ra3+ 63. Kb2 Kd5 64. Rd7+ Kc4 65. Re7 Kxb4 66. Rxe5 Nd4 67. Rh5 Rb3+ 68. Ka2 Rc3 69. Rh4 Kc4 70. Kb2 Rb3+ 71. Ka2 Rb5 72. Rh5 Rxc5 73. Rh6 Ra5+ 74. Kb2 Rb5+ 75. Ka2 c5 76. Rh8 Ra5+ 77. Kb2 Rb5+ 78. Ka2 Kc3 79. Rh3+ Kc4 80. Rh2 Rb6 81. Rg2 Ra6+ 82. Kb2 Kb4 83. Rg4 Rd6 84. Rh4 c4 85. Rh8 c3+ 86. Kc1 Kc4 87. Rh4 Ra6 88. Kb1 Re6 89. Rh1 Re2 90. Rh8 Re1+ 91. Ka2 c2 92. Rc8+ Kd3 93. Kb2 Rb1+ 94. Ka2 c1=Q 95. Rc3+ Ke4 96. Re3+ Qxe3 97. Kxb1 Qd2 98. Ka1 Kd3 0-1


[Site "https://www.chess.com"]

[Event "Titled Tuesday Blitz April 12 Late 2022"]
[White "Dimakiling, Oliver"]
[Black "Koutlas, Nikolaos"]
[WhiteFideId "5202248"]
[BlackFideId "25827138"]
[WhiteElo "2426"]
[BlackElo "1645"]
[Result "1-0"]
[Round "04"]
[TimeControl "180+1"]
[Date "2022.04.13"]
[WhiteClock "0:01:44"]
[BlackClock "0:00:01"]

1. c4 Nf6 2. Nc3 g6 3. g3 Bg7 4. Bg2 O-O 5. Nf3 d6 6. O-O c6 7. d4 Qa5 8. h3 e5 9. dxe5 dxe5 10. a3 e4 11. Ng5 Re8 12. Ngxe4 Nxe4 13. Nxe4 Bxh3 14. Bxh3 Rxe4 15. Qd3 Re8 16. Bd2 Qh5 17. Bg2 Na6 18. Bf3 Qh3 19. Bc3 Nc5 20. Qc2 Qe6 21. Bxg7 Kxg7 22. Rad1 Rad8 23. b4 Nd7 24. b5 Ne5 25. Qc3 f6 26. Rxd8 Rxd8 27. bxc6 bxc6 28. Rc1 Nxf3+ 29. Qxf3 Rd4 30. c5 Qd5 31. Qe3 Rd1+ 32. Rxd1 Qxd1+ 33. Kg2 Qd5+ 34. f3 Kf7 35. Qh6 Qxc5 36. Qxh7+ Ke6 37. Qg8+ Kf5 38. e4+ Ke5 39. Qxg6 Qxa3 40. Qf5+ Kd4 41. Qxf6+ Ke3 42. Qf4+ Ke2 43. e5 Qd3 44. e6 c5 45. e7 Ke1 46. Qe4+ Kd1 47. Qxd3+ 1-0


[Site "https://www.chess.com"]

[Event "Titled Tuesday Blitz April 12 Late 2022"]
[White "Dubov, Daniil"]
[Black "Holt, Conrad"]
[WhiteFideId "24126055"]
[BlackFideId "2034387"]
[WhiteElo "2791"]
[BlackElo "2586"]
[Result "1-0"]
[Round "04"]
[TimeControl "180+1"]
[Date "2022.04.12"]
[WhiteClock "0:01:14"]
[BlackClock "0:00:03"]

1. e4 e6 2. d4 d5 3. Nc3 Nf6 4. e5 Nfd7 5. Nce2 c5 6. c3 b5 7. Nf3 b4 8. cxb4 cxb4 9. Nf4 Be7 10. h4 a5 11. Be3 Qb6 12. Rc1 Ba6 13. Ng5 Bxf1 14. Kxf1 O-O 15. Qc2 g6 16. Nxh7 Kxh7 17. h5 Kg7 18. hxg6 Rh8 19. Rxh8 Kxh8 20. gxf7 Nf8 21. Ng6+ Kg7 22. Nxe7 b3 23. axb3 Qb5+ 24. Kg1 Na6 25. Qd1 Nb4 26. Qh5 Qd3 27. Bh6+ 1-0


[Site "https://www.chess.com"]

[Event "Titled Tuesday Blitz April 12 Late 2022"]
[White "Esipenko, Andrey"]
[Black "Kobalia, Mikhail"]
[WhiteFideId "24175439"]
[BlackFideId "4119150"]
[WhiteElo "2617"]
[BlackElo "2667"]
[Result "1-0"]
[Round "04"]
[TimeControl "180+1"]
[Date "2022.04.12"]
[WhiteClock "0:00:16"]
[BlackClock "0:00:02"]

1. d4 d5 2. c4 c6 3. Nf3 Nf6 4. Nc3 e6 5. e3 Nbd7 6. Be2 Bd6 7. O-O O-O 8. b3 b6 9. Bb2 Bb7 10. Bd3 Qe7 11. Qe2 Rfe8 12. Rad1 Rac8 13. Rfe1 c5 14. cxd5 exd5 15. Ba6 Bxa6 16. Qxa6 c4 17. bxc4 dxc4 18. e4 Bb4 19. e5 Bxc3 20. exf6 Qb4 21. Bxc3 Qxc3 22. fxg7 Qa5 23. Rxe8+ Rxe8 24. Qxc4 Nf6 25. d5 Qc5 26. Qxc5 bxc5 27. d6 c4 28. Kf1 Rd8 29. Ne5 c3 30. Nc4 Rc8 31. Ne3 a5 32. Ke2 Rc6 33. Nf5 Rc5 34. g4 h5 35. h3 hxg4 36. hxg4 c2 37. Rc1 Kh7 38. d7 1-0


[Site "https://www.chess.com"]

[Event "Titled Tuesday Blitz April 12 Late 2022"]
[White "Garagulya, Konstantin"]
[Black "Quintiliano Pinto, Renato R."]
[WhiteFideId "4128931"]
[BlackFideId "2117568"]
[WhiteElo "2329"]
[BlackElo "2439"]
[Result "0-1"]
[Round "04"]
[TimeControl "180+1"]
[Date "2022.04.13"]
[WhiteClock "0:00:16"]
[BlackClock "0:00:09"]

1. d4 Nf6 2. Nf3 e6 3. Bg5 h6 4. Bh4 b6 5. Nbd2 Bb7 6. e3 c5 7. Bd3 Be7 8. O-O d6 9. h3 Nc6 10. c3 Nh5 11. Bxe7 Qxe7 12. Re1 O-O 13. a4 cxd4 14. exd4 Nf4 15. Bf1 Rad8 16. g3 Ng6 17. Bg2 d5 18. h4 Qc7 19. Bf1 e5 20. dxe5 Ngxe5 21. Nxe5 Nxe5 22. Bg2 Rfe8 23. Nf3 Nc4 24. Qc2 Nd6 25. Nd4 Ne4 26. Re3 Rc8 27. Rae1 Qc5 28. Nf5 Re5 29. Nd4 Re7 30. Qb3 Rce8 31. Nf5 Re5 32. Nd4 Nd2 33. Qc2 Rxe3 34. Rxe3 Rxe3 35. fxe3 Nc4 36. Kf2 g6 37. h5 Qd6 38. hxg6 fxg6 39. Nb5 Qf6+ 40. Ke2 Kg7 41. Nxa7 Qe5 42. Qd3 Qxg3 43. Bxd5 Qh2+ 44. Ke1 Qh4+ 45. Ke2 Qh5+ 46. Kf2 Bxd5 47. Qd4+ Kh7 48. e4 Qh4+ 49. Kf3 Qh3+ 50. Kf2 Qh2+ 51. Kf3 Qh1+ 52. Kf4 Qf1+ 53. Kg3 Qe1+ 54. Kf4 Qh4+ 55. Kf3 Be6 56. Nc6 Bg4+ 57. Kg2 Qh3+ 58. Kg1 Qg3+ 59. Kf1 Ne3+ 0-1


[Site "https://www.chess.com"]

[Event "Titled Tuesday Blitz April 12 Late 2022"]
[White "Gharibyan, Mamikon"]
[Black "Vusatiuk, Vladimir"]
[WhiteFideId "13308300"]
[BlackFideId "14118610"]
[WhiteElo "2254"]
[BlackElo "2157"]
[Result "1-0"]
[Round "04"]
[TimeControl "180+1"]
[Date "2022.04.12"]
[WhiteClock "0:00:22"]
[BlackClock "0:00:03"]

1. c4 e6 2. Nc3 d5 3. d4 a6 4. cxd5 exd5 5. a3 Nf6 6. Bg5 Be6 7. Rc1 Be7 8. e3 Nbd7 9. Bd3 O-O 10. Nge2 c5 11. dxc5 Nxc5 12. O-O Nxd3 13. Qxd3 Qd7 14. Nf4 Rfd8 15. Rfd1 h6 16. Bxf6 Bxf6 17. Ncxd5 Bxd5 18. Nxd5 Qe6 19. b4 Rac8 20. Rxc8 Rxc8 21. g3 g6 22. Kg2 h5 23. Nf4 Qa2 24. Qe4 Rc2 25. Nh3 Kg7 26. Qxb7 Qxa3 27. Rd7 Qb3 28. Nf4 Qa2 29. Qf3 Rb2 30. Rb7 a5 31. bxa5 Rxb7 32. Qxb7 Qxa5 33. Ne6+ Kg8 34. Qc8+ Kh7 35. Qd7 Kh6 36. Qxf7 Qd5+ 37. f3 Qa2+ 38. Kh3 Qe2 39. Qxf6 Qf1+ 40. Kh4 Kh7 41. Qg7# 1-0


[Site "https://www.chess.com"]

[Event "Titled Tuesday Blitz April 12 Late 2022"]
[White "Goryachkina, Aleksandra"]
[Black "Xiong, Jeffery"]
[WhiteFideId "4147103"]
[BlackFideId "2047640"]
[WhiteElo "2426"]
[BlackElo "2727"]
[Result "0-1"]
[Round "04"]
[TimeControl "180+1"]
[Date "2022.04.12"]
[WhiteClock "0:00:02"]
[BlackClock "0:00:45"]

1. e4 c5 2. Nf3 d6 3. Bb5+ Nc6 4. O-O Bd7 5. Re1 Nf6 6. c3 a6 7. Bf1 Bg4 8. h3 Bxf3 9. Qxf3 e6 10. Qd1 Be7 11. d4 cxd4 12. cxd4 d5 13. e5 Nd7 14. Be3 O-O 15. Nc3 Ndxe5 16. dxe5 d4 17. Bxd4 Qxd4 18. Qxd4 Nxd4 19. Rad1 Rfd8 20. Rd3 Nc6 21. f4 Nb4 22. Rxd8+ Rxd8 23. a3 Nc2 24. Rd1 Rxd1 25. Nxd1 g5 26. Bd3 Nd4 27. g3 h5 28. Kf2 h4 29. fxg5 hxg3+ 30. Kxg3 Bxg5 31. h4 Bc1 32. a4 a5 33. Bc4 Nc6 34. Bd3 Nxe5 35. Be4 b6 36. b3 Nd7 37. Nf2 Bd2 38. Nd3 Bc3 39. Bc6 Nf6 40. Kf3 Kf8 41. Nf2 Bd4 42. Ne4 Nxe4 43. Kxe4 Bg7 44. h5 Ke7 45. Bb7 f5+ 46. Kf3 e5 47. Bc8 Kf6 48. Bd7 Bh6 49. Bc8 Kg5 50. Bd7 Bf8 51. Bc8 Bc5 52. Bd7 e4+ 53. Ke2 f4 54. Bc6 f3+ 55. Kf1 Kf4 56. h6 e3 0-1


[Site "https://www.chess.com"]

[Event "Titled Tuesday Blitz April 12 Late 2022"]
[White "Guzman Moneo, Alberto"]
[Black "Soysal, Serkan"]
[WhiteFideId "2209616"]
[BlackFideId "6349250"]
[WhiteElo "2157"]
[BlackElo "2440"]
[Result "1/2-1/2"]
[Round "04"]
[TimeControl "180+1"]
[Date "2022.04.13"]
[WhiteClock "0:01:02"]
[BlackClock "0:00:12"]

1. e4 e6 2. Nf3 d5 3. e5 b6 4. d4 c5 5. c3 Qd7 6. a4 Ba6 7. Bxa6 Nxa6 8. O-O c4 9. Na3 Nb8 10. Bf4 Nc6 11. Nb5 a6 12. Nd6+ Bxd6 13. exd6 f6 14. Re1 Kf7 15. b4 cxb3 16. Qxb3 Rb8 17. Nd2 g5 18. Bg3 Nh6 19. Rad1 Nf5 20. Nf1 Na5 21. Qc2 h5 22. Ne3 Nxg3 23. fxg3 Qxd6 24. Rf1 Kg7 25. Rf2 Rbf8 26. Rdf1 Qc6 27. Qd3 Nc4 28. Nxc4 Qxc4 29. Qxc4 dxc4 30. Rb1 Rb8 31. Rfb2 e5 32. dxe5 fxe5 33. Rxb6 Rxb6 34. Rxb6 Rd8 35. Rxa6 Rd1+ 36. Kf2 Rc1 37. Re6 Rxc3 38. Rxe5 Rc2+ 39. Kf1 Ra2 40. Rxg5+ Kh6 41. Ra5 c3 42. Rc5 Ra1+ 43. Ke2 Rxa4 44. Rxc3 Kg5 45. Rc5+ Kg6 46. Rc2 Rd4 47. Rd2 Ra4 48. Kf2 Kg5 49. Rd5+ Kg6 50. Rd2 Kg5 51. Rd5+ Kg6 52. Rd2 1/2-1/2


[Site "https://www.chess.com"]

[Event "Titled Tuesday Blitz April 12 Late 2022"]
[White "Harish, Neeraj"]
[Black "Kovanova, Baira"]
[WhiteFideId "30958130"]
[BlackFideId "4164083"]
[WhiteElo "1574"]
[BlackElo "2190"]
[Result "0-1"]
[Round "04"]
[TimeControl "180+1"]
[Date "2022.04.13"]
[WhiteClock "0:00:14"]
[BlackClock "0:00:54"]

1. e4 e5 2. Nf3 Nc6 3. Bb5 a6 4. Ba4 Nge7 5. O-O g6 6. c4 Bg7 7. Nc3 O-O 8. Nd5 h6 9. d3 d6 10. Be3 Nxd5 11. cxd5 Ne7 12. b4 f5 13. b5 axb5 14. Bxb5 Kh7 15. a4 c6 16. Bc4 cxd5 17. Bxd5 Nxd5 18. exd5 f4 19. Bd2 Bf5 20. Bb4 Qd7 21. Re1 Rfc8 22. a5 Bf8 23. Rc1 Qb5 24. Qd2 Qxd3 25. Qxd3 Bxd3 26. Rxc8 Rxc8 27. h3 Kg7 28. g3 fxg3 29. fxg3 Kf7 30. Kf2 Ke8 31. Ke3 Bc4 32. Nd2 Bxd5 33. Ne4 Bxe4 34. Kxe4 Rc4+ 0-1


[Site "https://www.chess.com"]

[Event "Titled Tuesday Blitz April 12 Late 2022"]
[White "Hartikainen, Jarmo"]
[Black "Xie, Bryan"]
[WhiteFideId "503134"]
[BlackFideId "30941296"]
[WhiteElo "2122"]
[BlackElo "1899"]
[Result "0-1"]
[Round "04"]
[TimeControl "180+1"]
[Date "2022.04.13"]
[WhiteClock "0:00:04"]
[BlackClock "0:00:07"]

1. e4 c5 2. c3 Nf6 3. e5 Nd5 4. d4 cxd4 5. Nf3 d6 6. cxd4 e6 7. Nc3 Nxc3 8. bxc3 Be7 9. Bd3 O-O 10. h4 h6 11. Bc2 dxe5 12. Qd3 f5 13. Nxe5 Bf6 14. Ng6 Re8 15. Bf4 Nc6 16. O-O e5 17. dxe5 Qxd3 18. Bxd3 Nxe5 19. Bxe5 Bxe5 20. Rae1 Be6 21. Nxe5 Bxa2 22. Bc4+ Bxc4 23. Nxc4 Rec8 24. Nd6 Rxc3 25. Nxb7 a5 26. Ra1 a4 27. Rfc1 Rxc1+ 28. Rxc1 a3 29. Ra1 a2 30. Kh2 Rb8 31. Nd6 Rb2 32. Nxf5 Rxf2 33. Nd4 Rf4 34. Nf3 Ra4 35. Kg3 Kf7 36. Ne1 Ke6 37. Nc2 Kd5 38. Kf2 Kc4 39. Ke2 Kb3 40. Kd2 Kb2 41. Rf1 Rc4 42. Ra1 Rxc2+ 43. Kd1 Rxg2 44. Rxa2+ Kxa2 45. Ke1 Rh2 46. Kf1 Rxh4 47. Kg2 Rb4 48. Kg3 Rb3+ 49. Kf4 g5+ 50. Kg4 Rb4+ 51. Kh5 Rh4+ 52. Kg6 g4 53. Kf5 g3 54. Kg6 g2 55. Kh7 g1=Q 56. Kh8 Qc5 57. Kh7 Qg5 58. Kh8 Rf4 59. Kh7 Rf7+ 60. Kh8 Qg7# 0-1


[Site "https://www.chess.com"]

[Event "Titled Tuesday Blitz April 12 Late 2022"]
[White "Horcajuelo Rocamora, Martin"]
[Black "Ladan, Nicholas"]
[WhiteFideId "24573027"]
[BlackFideId "30918855"]
[WhiteElo "1822"]
[BlackElo "2167"]
[Result "1-0"]
[Round "04"]
[TimeControl "180+1"]
[Date "2022.04.13"]
[WhiteClock "0:00:18"]
[BlackClock "0:00:14"]

1. e4 e5 2. Nf3 Nc6 3. Bb5 f5 4. d3 fxe4 5. dxe4 Nf6 6. O-O Bc5 7. Bg5 d6 8. c3 O-O 9. Nbd2 Qe8 10. a4 Bg4 11. b4 a6 12. Bc4+ Kh8 13. bxc5 dxc5 14. Re1 Rd8 15. Qc2 h6 16. Bh4 Nh5 17. Bg3 Nf4 18. Bxf4 exf4 19. h3 Bc8 20. Bd5 Ne7 21. Bc4 Qg6 22. Ne5 Qf6 23. Ndf3 g5 24. Qb3 h5 25. Nf7+ Rxf7 26. Bxf7 g4 27. hxg4 hxg4 28. e5 Qh6 29. Nh2 g3 30. fxg3 fxg3 31. Nf3 Bg4 32. c4 Rd2 33. Qe3 Rxg2+ 34. Kxg2 Qh3+ 35. Kg1 Nf5 36. Qe2 Nd4 37. Nxd4 Bxe2 38. Rxe2 cxd4 39. e6 d3 40. e7 dxe2 41. e8=Q+ Kh7 42. Qe4+ Kg7 43. Qxe2 Kxf7 44. Rf1+ Kg6 45. Qd3+ Kg7 46. Qd4+ Kg6 47. Qe4+ Kg7 48. Qe7+ Kg6 49. Rf6+ Kg5 50. Qg7+ Kh4 51. Rh6# 1-0


[Site "https://www.chess.com"]

[Event "Titled Tuesday Blitz April 12 Late 2022"]
[White "Ibarra Jerez, Jose Carlos"]
[Black "Iskusnyh, Sergei"]
[WhiteFideId "2226332"]
[BlackFideId "4120027"]
[WhiteElo "2626"]
[BlackElo "2492"]
[Result "1-0"]
[Round "04"]
[TimeControl "180+1"]
[Date "2022.04.12"]
[WhiteClock "0:00:06"]
[BlackClock "0:00:14"]

1. Nc3 d5 2. e4 e6 3. d4 Nf6 4. Bg5 dxe4 5. Nxe4 Nbd7 6. Nf3 h6 7. Nxf6+ Nxf6 8. Be3 Bd6 9. Bd3 b6 10. Ne5 O-O 11. Qf3 Nd5 12. O-O-O Bb7 13. Bd2 c5 14. Ng4 f5 15. dxc5 fxg4 16. Qe4 Bf4 17. Qh7+ Kf7 18. Bg6+ Kf6 19. Bxf4 Nxf4 20. Rxd8 Raxd8 21. Be4 Rh8 22. Qxh8 Rxh8 23. Bxb7 bxc5 24. Re1 Rd8 25. Be4 g5 26. b3 h5 27. g3 Nd5 28. Kb2 h4 29. Rd1 Ke5 30. Bg2 Rb8 31. Re1+ Kf6 32. Re4 Kf5 33. Rc4 Rc8 34. Be4+ Ke5 35. Bxd5 exd5 36. Rxg4 Kf5 37. f3 hxg3 38. hxg3 Re8 39. c4 Re2+ 40. Ka3 d4 41. b4 d3 42. bxc5 d2 43. Rd4 Ke5 44. Rd5+ Ke6 45. c6 Re3+ 46. Kb4 a5+ 47. Kc5 Re5 48. c7 d1=Q 49. c8=Q+ Kf6 50. Qh8+ Kg6 51. Qxe5 Qg1+ 52. Qd4 Qb1 53. Qe4+ 1-0


[Site "https://www.chess.com"]

[Event "Titled Tuesday Blitz April 12 Late 2022"]
[White "Karas, Marek"]
[Black "Bas Mas, Jose Joaquin"]
[WhiteFideId "14928558"]
[BlackFideId "22219064"]
[WhiteElo "2271"]
[BlackElo "2212"]
[Result "0-1"]
[Round "04"]
[TimeControl "180+1"]
[Date "2022.04.13"]
[WhiteClock "0:00:04"]
[BlackClock "0:00:58"]

1. d4 Nf6 2. c4 c5 3. Nf3 cxd4 4. Nxd4 e6 5. Nc3 a6 6. g3 Qc7 7. Qd3 Nc6 8. Nf3 Nb4 9. Qd1 Qxc4 10. Bg2 d5 11. Ne5 Qc7 12. Qa4+ Bd7 13. Nxd7 Qxd7 14. Qb3 Be7 15. O-O O-O 16. Bf4 b5 17. Rfd1 Rac8 18. Be5 Nc6 19. Bxf6 Bxf6 20. Ne4 Be7 21. Rac1 Na5 22. Qe3 Rxc1 23. Qxc1 Rc8 24. Qf4 Nc4 25. b3 Nd6 26. Nd2 h6 27. a4 Bg5 28. Qd4 Bxd2 29. Qxd2 bxa4 30. bxa4 Qxa4 31. Bf3 Qc2 32. Qd4 Nb5 33. Qa1 a5 34. Kg2 a4 35. Rb1 Nc3 36. Rc1 Qb3 37. e3 a3 38. Bd1 Qb2 39. Bc2 Qxa1 40. Rxa1 a2 41. Bb3 Ra8 42. Kf3 Rb8 43. Bc2 Rb2 44. Bd3 e5 45. e4 dxe4+ 46. Bxe4 Nxe4 47. Kxe4 Rxf2 48. Kxe5 g6 0-1


[Site "https://www.chess.com"]

[Event "Titled Tuesday Blitz April 12 Late 2022"]
[White "Kavyev, Ruslan"]
[Black "Petrova, Irina"]
[WhiteFideId "34110981"]
[BlackFideId "14124122"]
[WhiteElo "2182"]
[BlackElo "1993"]
[Result "1-0"]
[Round "04"]
[TimeControl "180+1"]
[Date "2022.04.13"]
[WhiteClock "0:01:05"]
[BlackClock "0:00:03"]

1. d4 d5 2. c4 c6 3. Nf3 Nf6 4. g3 Bf5 5. Nc3 e6 6. Nh4 Be4 7. f3 Bg6 8. Qb3 Qc7 9. Bf4 Bd6 10. Bxd6 Qxd6 11. Nxg6 hxg6 12. Qxb7 O-O 13. Qxa8 Qc7 14. cxd5 exd5 15. Rc1 Nbd7 16. Nb5 Qa5+ 17. Nc3 Rxa8 18. Bg2 Qb4 19. O-O Qxd4+ 20. Kh1 Qb6 21. e4 Qxb2 22. exd5 Nxd5 23. Ne4 N7f6 24. Nxf6+ gxf6 25. Rfe1 Qxa2 26. Rxc6 Kg7 27. f4 Rd8 28. h4 Nb4 29. Rc7 Nd3 30. Ree7 Nf2+ 31. Kh2 Ng4+ 32. Kh3 f5 33. Rxa7 Qb3 34. Rab7 Qc4 35. Rbc7 Qa2 36. Ra7 Qb2 37. Rxf7+ Kg8 38. Rfb7 Qd4 39. Bf1 Nf2+ 40. Kg2 Ne4 41. Kh3 Rc8 42. Rd7 Qf6 43. Ba6 Rf8 44. Bc4+ Rf7 45. Rxf7 1-0


[Site "https://www.chess.com"]